 Dungeon Crawl Stone Soup version 0.31-a0-222-gefeffbb62a (webtiles) character file.

Game seed: 6587580128525625197

102 qw the Chopper (level 4, 0/28 HPs)
             Began as a Gargoyle Fighter on July 5, 2023.
             Slain by a gnoll
             ... wielding a +0 halberd
              (4 damage)
             ... on level 3 of the Dungeon.
             The game lasted 00:00:57 (2233 turns).

qw the Chopper (Gargoyle Fighter)                   Turns: 2233, Time: 00:00:58

Health: 0/28       AC: 12    Str: 22    XL:     4   Next: 78%
Magic:  4/4        EV:  8    Int:  8    God:
Gold:   152        SH:  4    Dex:  9    Spells: 3/3 levels left

rFire   . . .        Y - +0 war axe
rCold   . . .        c - +0 buckler
rNeg    + . .        a - +0 chain mail
rPois   inf          (no helmet)
rElec   +            (no cloak)
rCorr   .            (no gloves)
SInv    .            (no boots)
Will    .....        (no amulet) Stlth
                     (no ring)
HPRegen 0.24/turn    (no ring)
MPRegen 0.09/turn

%: no passive effects
@: no status effects
A: sickness immunity, AC +3, negative energy resistance 1, electricity
resistance, torment resistance 1, petrification resistance
a: no special abilities


You were on level 3 of the Dungeon.
You visited 1 branch of the dungeon, and saw 3 of its levels.

You collected 152 gold pieces.


Innate Abilities, Weirdness & Mutations

You are immune to sickness and miasma.
Your stone body is resilient. (AC +3)
You are immune to poison.
You resist negative energy. (rN+)
You are resistant to electric shocks. (rElec)
You are resistant to unholy torment.
You are immune to petrification.


   Skills:
 - Level 3.2 Fighting
 + Level 3.9 Axes
 - Level 1.5 Throwing
 - Level 3.2 Armour
 - Level 3.2 Shields


You had 3 spell levels left.
You didn't know any spells.
Your spell library was empty.

Inventory:

Hand Weapons
 e - a +2 whip of electrocution
 Y - a +0 war axe (weapon)
Missiles
 k - 5 javelins (quivered)
Armour
 a - a +0 chain mail (worn)
 c - a +0 buckler (worn)
Jewellery
 m - a ring of positive energy
Scrolls
 b - a scroll of noise {unknown}
 f - 3 scrolls of identify
 i - a scroll of immolation {unknown}
 n - a scroll of poison {unknown}
Potions
 d - a potion of might
 g - a potion of attraction {unknown}
 h - a potion of degeneration {unknown}
 j - a potion of cancellation {unknown}
 l - a potion of mutation {unknown}

Dungeon Overview and Level Annotations

Branches:
Dungeon (3/15)

Altars:


Message History

Enter note:
Enter note:
Enter note:
Enter note:
Enter note:
Enter note:
Enter note:
Enter note:
Enter note: You slash the gnoll!
The gnoll is severely wounded.
The gnoll closely misses you.
The gnoll hits you from afar with a +0 halberd.
You barely miss the gnoll.
The gnoll is severely wounded.
The gnoll hits you with a +0 whip.
The gnoll hits you from afar with a +0 halberd.
You block the gnoll's attack.
The gnoll hits you but does no damage. x2
You closely miss the gnoll.
The gnoll is severely wounded.
You slash the gnoll! You block the gnoll's attack.
The gnoll hits you but does no damage. You block the gnoll's attack.
You hit the gnoll but do no damage.
The gnoll is severely wounded.
You closely miss the gnoll. The gnoll completely misses you.
The gnoll hits you from afar with a +0 halberd!
You block the gnoll's attack.
You barely miss the gnoll.
The gnoll is severely wounded.
You slash the gnoll!
You kill the gnoll!
The gnoll hits you but does no damage. The gnoll closely misses you.
The gnoll completely misses you. You block the gnoll's attack.
You barely miss the gnoll.
The gnoll is severely wounded.
The gnoll hits you but does no damage.
The gnoll hits you from afar with a +0 halberd.
You die...

.......#......#
......##......#
......#.......#
......#.#.....#
....#.#.#.....#
.####.#.###..###########
.........###...........#
>......#..###..........#
.###...##...)...@g.....#
.###...######....).....#
.....### #..g.......#
.....# #..........#
.....# #........?.#
.....# #..........#
.....# #..........#
.....# #..........#
######


You could see 2 gnolls.

Vanquished Creatures
  A hound (D:3)
  2 gnolls (D:3)
  A worm (D:2)
  A dart slug (D:1)
  4 endoplasms
  4 giant cockroaches
  3 goblins
  3 hobgoblins
  7 jackals
  2 quokkas
  4 ball pythons (D:1)
  A bat (D:1)
  5 frilled lizards
  2 kobolds (D:1)
  8 rats
48 creatures vanquished.

Notes
Turn   | Place    | Note
-------+----------+-------------------------------------------
     0 | D:1      | qw the Gargoyle Fighter began the quest for the Orb.
     0 | D:1      | Reached XP level 1. HP: 14/14 MP: 1/1
     0 | D:1      | 0 ||| qw: Version: 0.3-a-46-gb1f654a
     0 | D:1      | 0 ||| qw: Game counter: 988
     0 | D:1      | 0 ||| qw: Melee chars always use a shield: true
     0 | D:1      | 0 ||| qw: God list: Okawaru
     0 | D:1      | 0 ||| qw: Allow faded altars: false
     0 | D:1      | 0 ||| qw: Do Orc after clearing Dungeon:15 true
     0 | D:1      | 0 ||| qw: Do second Lair branch before Depths: true
     0 | D:1      | 0 ||| qw: Lair rune preference: random
     0 | D:1      | 0 ||| qw: Goals: Normal, Zot:1-4, Slime:5, God:TSO, Crypt,
                  | Tomb, Abyss, Pan, Hells, Win
     0 | D:1      | 0 ||| PLANNING D:1-11
     4 | D:1      | 4 ||| Stepping ~*~*~tactically~*~*~ (hiding).
   121 | D:1      | Reached XP level 2. HP: 19/19 MP: 2/2
   173 | D:1      | 173 ||| Stepping ~*~*~tactically~*~*~ (hiding).
   176 | D:1      | 176 ||| Stepping ~*~*~tactically~*~*~ (hiding).
   219 | D:1      | 219 ||| Stepping ~*~*~tactically~*~*~ (stealth).
   247 | D:1      | 247 ||| Stepping ~*~*~tactically~*~*~ (stealth).
   248 | D:1      | 248 ||| Stepping ~*~*~tactically~*~*~ (stealth).
   249 | D:1      | 249 ||| Stepping ~*~*~tactically~*~*~ (stealth).
   250 | D:1      | 250 ||| Stepping ~*~*~tactically~*~*~ (stealth).
   332 | D:1      | Found a faded altar of an unknown god.
   469 | D:1      | Reached skill level 3 in Axes
   474 | D:1      | Reached XP level 3. HP: 14/23 MP: 3/3
  1005 | D:1      | 1005 ||| READING scroll labelled BEEZIALA INEIS.
  1006 | D:1      | 1006 ||| READING scroll labelled QUTWOU ISHREO.
  1007 | D:1      | 1007 ||| READING scroll labelled HIUKIC KEELA.
  1193 | D:2      | 1193 ||| Stepping ~*~*~tactically~*~*~ (stealth).
  1299 | D:2      | Identified the +8 dagger "Stringbean" {heavy, rPois rF+}
  1721 | D:2      | 1721 ||| UPGRADING to +0 chain mail.
  1731 | D:2      | 1731 ||| DROPPING +0 scale mail.
  1732 | D:2      | 1732 ||| READING scroll labelled JUVIRA OCEAZIU.
  1941 | D:3      | Reached skill level 1 in Throwing
  1941 | D:3      | Reached XP level 4. HP: 21/28 MP: 4/4
  2101 | D:3      | 2101 ||| Stepping ~*~*~tactically~*~*~ (stealth).
  2231 | D:3      | HP: 4/28 [gnoll/+0 halberd (9)]
  2233 | D:3      | Slain by a gnoll

Levels and vault maps discovered:
D:1:      dpeg_arrival_oval, layout_basic, shapermc_ecumenical_altar_rom_forum,
          minmay_tiny_reverse_x
D:2:      layout_basic
D:3:      layout_rooms

Skill      XL: |  1  2  3 |
---------------+----------+-----
Axes           | 2 3 |  3.9
Throwing       | 1 |  1.5
Fighting       | |  3.2
Armour         | |  3.2
Shields        | |  3.2

Action                     |  1- 3 |  4- 6 || total
---------------------------+-------+-------++-------
  Melee: War axe           |   106 |    10 ||   116
  Throw: Javelin           |     2 |     9 ||    11
    Use: Scroll            |     4 |       ||     4
 Armour: Scale mail        |    58 |       ||    58
         Chain mail        |     3 |     7 ||    10
  Dodge: Dodged            |    47 |     5 ||    52
  Block: Buckler           |    26 |     7 ||    33

Table legend:
 A = Non-vault XP
 B = Vault XP
 C = Vault XP percentage of total XP
 D = Non-vault monster count
 E = Vault monster count
 F = Vault count percentage of total count
                 A         B        C        D         E       F
            +---------+---------+-------+---------+---------+-------
      Total |     145 |       2 |   1.4 |      46 |       2 |   4.2
            +---------+---------+-------+---------+---------+-------
        D:1 |      38 |       2 |   5.0 |      23 |       2 |   8.0
        D:2 |      20 |       0 |   0.0 |       9 |       0 |   0.0
        D:3 |      87 |       0 |   0.0 |      14 |       0 |   0.0
            +---------+---------+-------+---------+---------+-------
